 Dungeon Crawl Stone Soup version 0.21.1-1-g345015f (webtiles) character file.

359 Gospel the Skirmisher (level 6, 0/71 HPs)
             Began as an Ogre Skald on June 2, 2018.
             Slain by an iguana (9 damage)
             ... on level 4 of the Dungeon.
             The game lasted 00:05:56 (3972 turns).

Gospel the Skirmisher (Ogre Skald)                  Turns: 3972, Time: 00:05:57

Health: 0/71       AC:  4    Str: 21    XL:     6   Next: 65%
Magic:  9/9        EV: 10    Int: 14    God:
Gold:   88         SH:  0    Dex:  8    Spells: 8/9 levels left

rFire    x . .     SeeInvis .   a - +1 hand axe
rCold    + . .     Gourm    .   (no shield)
rNeg     . . .     Faith    .   b - +1 robe
rPois    .         Spirit   .   (helmet restricted)
rElec    .         Reflect  .   (no cloak)
rCorr    .         Harm     .   (gloves unavailable)
MR       .....                  (boots unavailable)
Stlth    +.........             (no amulet)
HPRegen  0.21/turn              g - +3 ring of strength
MPRegen  0.11/turn              n - ring of ice

@: no status effects
A: large, unfitting armour, tough skin 1
a: no special abilities


You were on level 4 of the Dungeon.
You were not hungry.

You visited 1 branch of the dungeon, and saw 4 of its levels.

You collected 88 gold pieces.

Inventory:

Hand Weapons
 a - a +1 hand axe (weapon)
Armour
 b - a +1 robe (worn)
 j - a cursed +0 large shield
Jewellery
 g - a +3 ring of strength (left hand)
 n - a ring of ice (right hand)
 r - a cursed -3 ring of dexterity {unknown}
Wands
 e - a wand of paralysis (8)
Scrolls
 o - a scroll of teleportation
Potions
 f - a potion of berserk rage {unknown}
 h - a potion of haste {unknown}
 l - a potion of curing {unknown}
 m - 2 potions of brilliance {unknown}
Books
 c - a book of Battle

   Spells                             Type                      Level
   a - Infusion                       Charms                       1
   b - Shroud of Golubria             Charms/Translocation         2
   c - Song of Slaying                Charms                       2
   d - Spectral Weapon                Hexes/Charms                 3
   e - Regeneration                   Charms/Necromancy            3
 i - a book of Cantrips

   Spells                             Type                      Level
   a - Confusing Touch                Hexes                        1
   b - Animate Skeleton               Necromancy                   1
   c - Summon Small Mammal            Summoning                    1
   d - Apportation                    Translocation                1
Comestibles
 d - 5 rations


   Skills:
 - Level 7.3 Fighting
 + Level 4.2 Axes
 + Level 2.3 Dodging
 - Level 2.4 Spellcasting
 - Level 2.6 Charms


You had 8 spell levels left.
You knew the following spells:

 Your Spells              Type           Power        Failure   Level  Hunger
a - Infusion              Chrm           #...         8%          1    #......


Dungeon Overview and Level Annotations

Branches:
Dungeon (4/15)
 Temple: D:4-7

Altars:
Cheibriados
Kikubaaqudgha
Wu Jian


Innate Abilities, Weirdness & Mutations

You are too large for most types of armour.
You have tough skin. (AC +1)


Message History

The iguana is almost dead.
The iguana bites you!
You hit the iguana but do no damage.
The iguana is almost dead.
The iguana barely misses you.
You hit the iguana but do no damage.
The iguana is almost dead.
The iguana bites you!
You barely miss the iguana.
The iguana is almost dead.
The iguana misses you. The iguana bites you!
* * * LOW HITPOINT WARNING * * *
You closely miss the iguana.
The iguana is almost dead.
The iguana bites you!
* * * LOW HITPOINT WARNING * * *
You hit the iguana but do no damage.
The iguana is almost dead.
The iguana bites you!
You die...

######## ##......##
##........## ###
#..........# ...#
#..........### .....
#............#......
#..........#@l<.....
#...........##......
##..................
#..<.>........#.....
#...†...............
#..........##.......
#...................
#...(..............
##.................


You could see an iguana.

Vanquished Creatures
  Sigmund (D:3)
  A hound (D:2)
  Crazy Yiuf (D:3)
  Jessica (D:2)
  Natasha (D:3)
  3 adders
  An ooze (D:1)
  A worm (D:2)
  3 dart slugs (D:1)
  2 leopard geckos
  10 goblins
  8 hobgoblins
  6 kobolds
  A ball python (D:1)
  4 bats (D:2)
  6 frilled lizards
  A jackal skeleton (D:4)
  7 rats
58 creatures vanquished.

Notes
Turn   | Place    | Note
-------+----------+-------------------------------------------
     0 | D:1      | Gospel the Ogre Skald began the quest for the Orb.
     0 | D:1      | Reached XP level 1. HP: 22/22 MP: 3/3
   203 | D:1      | Reached skill level 3 in Fighting
   266 | D:1      | Reached XP level 2. HP: 23/31 MP: 5/5
   563 | D:1      | Reached skill level 4 in Fighting
   581 | D:1      | Reached XP level 3. HP: 27/39 MP: 6/6
  1077 | D:2      | Noticed Jessica
  1090 | D:2      | Killed Jessica
  1090 | D:2      | Reached XP level 4. HP: 24/49 MP: 7/7
  1334 | D:2      | Reached skill level 5 in Fighting
  1751 | D:2      | Reached XP level 5. HP: 49/59 MP: 8/8
  1769 | D:2      | Found a snail-covered altar of Cheibriados.
  1991 | D:2      | Found an ornate altar of the Wu Jian Council.
  2032 | D:2      | Found an ancient bone altar of Kikubaaqudgha.
  2277 | D:3      | Noticed Sigmund
  2305 | D:3      | Killed Sigmund
  2305 | D:3      | Reached skill level 7 in Fighting
  2305 | D:3      | Reached XP level 6. HP: 36/71 MP: 4/9
  3086 | D:3      | Noticed Natasha
  3104 | D:3      | Killed Natasha
  3533 | D:3      | Found a runed door.
  3780 | D:3      | Noticed Crazy Yiuf
  3788 | D:3      | Killed Crazy Yiuf
  3972 | D:4      | Slain by an iguana

Skill      XL: |  1  2  3  4  5 |
---------------+----------------+-----
Fighting       | 3 4 5 7 |  7.3
Axes           | 3 4 |  4.2
Dodging        | |  2.3
Spellcasting   | |  2.4
Charms         | |  2.6

Action                   |  1- 3 |  4- 6 || total
-------------------------+-------+-------++-------
Melee: Hand axe          |    81 |   146 ||   227
 Cast: Infusion          |       |     1 ||     1
Evoke: Wand              |       |     2 ||     2
  Use: Scroll            |     1 |     6 ||     7
       Potion            |       |     1 ||     1
 Stab: Paralysed         |       |     5 ||     5
  Eat: Chunk             |       |     7 ||     7
       Ration            |       |     1 ||     1
Armor: Robe              |    18 |    28 ||    46
Dodge: Dodged            |    30 |   100 ||   130
